 Dungeon Crawl Stone Soup version 0.28-a0-1629-gf728b707aa (webtiles) character file.

Game seed: 6830049145953052706

24202 kae the Grappler (level 12, 0/103 HPs)
             Began as a Grey Draconian Transmuter on Jan 24, 2022.
             Was the Champion of Ru.
             Slain by a black mamba (6 damage)
             ... on level 5 of the Lair of Beasts.
             The game lasted 00:16:39 (18222 turns).

kae the Grappler (Grey Draconian Transmuter)       Turns: 18222, Time: 00:16:39

Health: 0/103      AC: 13    Str: 14    XL:     12   Next: 78%
Magic:  19/21      EV: 18    Int: 16    God:    Ru [******]
Gold:   637        SH:  5    Dex: 11    Spells: 13/26 levels left

rFire   + . .      SeeInvis .     - Unarmed
rCold   . . .      Faith    .   (shield currently unavailable)
rNeg    . . .      Spirit   .   (armour unavailable)
rPois   .          Reflect  +   (helmet restricted)
rElec   .          Harm     .   (no cloak)
rCorr   .          Rampage  .   (gloves currently unavailable)
Will    .....                   (no boots)
Stlth   ..........              o - amulet of Zudishas {Reflect Slay+3 SH+5}
HPRegen 0.27/turn               b - ring of protection from fire
MPRegen 0.17/turn               c - +4 ring of evasion

@: lethally poisoned (0 -> -13), blade hands, unable to drink, unable to read
A: AC +13, amphibious, unfitting armour, dopey 1, low mp 1, cold-blooded,
inability to drink while threatened, inability to read while threatened, no
stealth, hated by all
a: End Transformation, Renounce Religion, Draw Out Power, Power Leap, Apocalypse


You were on level 5 of the Lair of Beasts.
You worshipped Ru.
Ru was exalted by your worship.
You had blades for hands.
You visited 2 branches of the dungeon, and saw 15 of its levels.

You collected 780 gold pieces.
You spent 143 gold pieces at shops.

Inventory:

Missiles
 i - 3 throwing nets
Jewellery
 b - a ring of protection from fire (left blade hand)
 c - a +4 ring of evasion (right blade hand)
 o - the amulet of Zudishas (around neck) {Reflect Slay+3 SH+5}
   (You acquired it on level 7 of the Dungeon)

   [amulet of reflection]

   It reflects blocked missile attacks.
   Slay:      It affects your accuracy & damage with ranged weapons and melee
   (+3).
   SH:        It affects your SH (+5).
 w - a ring of positive energy
Wands
 p - a wand of acid (10)
 y - a wand of iceblast (6)
 z - a wand of flame (6)
 C - a wand of paralysis (4)
Scrolls
 d - 2 scrolls of magic mapping
 e - 4 scrolls of fear
 f - 3 scrolls of immolation
 m - 7 scrolls of teleportation
 q - a scroll of amnesia
 t - a scroll of enchant armour
 v - a scroll of blinking
 x - a scroll of brand weapon
 A - a scroll of fog
 B - 2 scrolls of identify
Potions
 a - 2 potions of magic
 g - 2 potions of berserk rage
 h - 2 potions of flight
 j - 2 potions of brilliance
 k - a potion of invisibility
 l - 3 potions of might
 n - 3 potions of haste
 r - 2 potions of heal wounds
 s - a potion of mutation
 u - 2 potions of curing


   Skills:
 + Level 8.9 Fighting
 + Level 7.5 Dodging
 * Level 11.8 Unarmed Combat
 + Level 7.7 Spellcasting
 * Level 11.5 Transmutations
 - Level 5.0 Ice Magic
 - Level 2.0 Poison Magic


You had 13 spell levels left.
You knew the following spells:

 Your Spells              Type           Power      Damage    Failure   Level
a - Beastly Appendage     Tmut           86%        N/A       7%          1
b - Spider Form           Tmut/Pois      27%        N/A       22%         3
c - Ice Form              Ice/Tmut       32%        N/A       28%         4
d - Blade Hands           Tmut           21%        N/A       24%         5

Your spell library contained the following spells:

 Spells                   Type           Power      Damage    Failure   Level
 Wereblood                Tmut           43%        N/A       8%          2
 Passwall                 Tmut/Erth      20%        N/A       19%         2
 Ensorcelled Hibernation  Hex/Ice        28%        N/A       36%         2
 Sandblast                Erth           12%        2d6       50%         1
 Poisonous Vapours        Pois/Air       18%        N/A       50%         2
 Corpse Rot               Necr/Air       12%        N/A       58%         2
 Irradiate                Conj/Tmut      12%        3d17      73%         5
 Yara's Violent Unravell  Hex/Tmut       12%        3d7       73%         5
 Portal Projectile        Hex/Tloc       12%        N/A       77%         3
 Stone Arrow              Conj/Erth      12%        3d7       77%         3
 Swiftness                Air            6%         N/A       77%         3
 Hailstorm                Conj/Ice       14%        3d5       80%         4
 Dragon Form              Tmut           21%        N/A       94%         7
 Airstrike                Air            3%         N/A       97%         4
 Passage of Golubria      Tloc           6%         N/A       97%         4
 Excruciating Wounds      Necr           3%         N/A       100%        5
 Lightning Bolt           Conj/Air       3%         1d14      100%        5
 Summon Small Mammal      Summ           Unusable   N/A       N/A         1
 Call Canine Familiar     Summ           Unusable   N/A       N/A         3
 Summon Guardian Golem    Hex/Summ       Unusable   N/A       N/A         3
 Tukima's Dance           Hex            Unusable   N/A       N/A         3
 Summon Lightning Spire   Summ/Air       Unusable   N/A       N/A         4
 Simulacrum               Ice/Necr       Unusable   N/A       N/A         6

Dungeon Overview and Level Annotations

Branches:
Dungeon (10/15)            Temple (0/1) D:6            Lair (4/6) D:9
  Snake (0/4) Lair:2          Orc (0/2) D:10
  Swamp: Lair:2-4    Shoals: Lair:2-4

Altars:
Cheibriados
Makhleb
Okawaru
Ru
Vehumet
Xom
Yredelemnul

Shops:
D:7 *   D:8 *

Annotations:
Lair:4 3 runed translucent doors, Vosurgha's ghost, journeyman FeEn


Innate Abilities, Weirdness & Mutations

You have blades for hands.
Your spellcasting is less reliable in this form.
You are incapable of wielding weapons or throwing items.
Your dull iron-grey scales are very hard. (AC +13)
You are amphibious.
You cannot fit into any form of body armour.
You are dopey. (Int -2)
Your magical capacity is low. (-10% MP)
You are cold-blooded and may be slowed by cold attacks.
You sometimes lose the ability to drink potions when taking damage.
You sometimes lose the ability to read scrolls when taking damage.
You cannot be stealthy.
You are hated by all.


Message History

You hit the komodo dragon. Your slash misses the komodo dragon.
The komodo dragon is lightly wounded.
The black mamba is no longer paralysed.
You block the dream sheep's attack.
The komodo dragon completely misses you.
You slash the dream sheep! You tail-slap the dream sheep.
The dream sheep is severely wounded.
The dream sheep bites you but does no damage.
The komodo dragon closely misses you.
You slash the komodo dragon! x2
The komodo dragon is severely wounded.
The dream sheep closely misses you.
You slice the komodo dragon!!
You kill the komodo dragon!
You shred the dream sheep!!!
You kill the dream sheep!
You block the black mamba's attack. The dream sheep bites you!
You feel threatened and lose the ability to drink potions!
The black mamba bites you but does no damage.
You slice the dream sheep!!
The dream sheep is almost dead.
The black mamba bites you!
You feel threatened and lose the ability to read scrolls!
You are poisoned.
The black mamba poisons you!
The dream sheep bites you but does no damage.
The dream sheep shake their wool and sparkle.
You feel drowsy...
You fall asleep.
You feel very sick. The black mamba bites you!!!
You wake up.
* * * LOW HITPOINT WARNING * * *
The dream sheep completely misses you. The black mamba completely misses you.
The dream sheep bites you but does no damage.
Unknown command.
Unknown command.
You slice the black mamba!!
The black mamba is severely wounded.
* * * LOW HITPOINT WARNING * * *
You feel very sick. The black mamba bites you.
You die...

........Y........
........... ....
.P...#.#.. #..#
P.#......##...##..
..........P......
.................
#####...P.#..##.
##Y...# .# #@SY..#
##Y..##### #
.##....#...#.#..
.................
........P..#.#.#
.#.##.#..P..# ##
###.....#
.........
...........


You could see a black mamba and 3 dream sheep.

Vanquished Creatures
  Harold (D:8)
  4 hydras
  A two-headed ogre (D:10)
  A death yak (Lair:2)
  An ugly thing (D:9)
  5 black mambas
  2 torpor snails (Lair:2)
  6 cane toads
  A rime drake (Lair:1)
  9 komodo dragons
  A polar bear (Lair:5)
  A troll (D:10)
  5 blink frogs (Lair:5)
  3 dream sheep (Lair:5)
  A wraith (D:9)
  36 yaks
  A shadow (D:10)
  2 steam dragons
  2 basilisks (Lair:3)
  Menkaure (D:4)
  2 acid dragons
  4 nagas (Lair:2)
  7 water moccasins
  An ice beast (D:6)
  2 sky beasts
  4 orc warriors
  2 necrophages (D:5)
  3 ogres
  2 centaurs
  5 phantoms
  6 bullfrogs
  2 scorpions (D:4)
  A wyvern skeleton (D:6)
  2 troll zombies (D:10)
  5 wights
  3 howler monkeys
  2 electric eels (Lair:3)
  2 bullfrog zombies
  A centaur zombie (D:6)
  2 hounds
  3 jellies
  2 orc priests
  A centaur skeleton (D:4)
  2 bullfrog skeletons
  Natasha (thrice) (D:4)
  2 iguanas (D:6)
  12 orc wizards
  4 ogre zombies (D:10)
  4 gnolls (D:2)
  10 adders
  A shadow imp (D:7)
  3 white imps
  2 ufetubi
  An adder skeleton (D:4)
  A dart slug (D:4)
  34 orcs
  3 endoplasms
  2 giant cockroaches
  4 goblins
  7 hobgoblins
  5 kobolds
  A quokka (D:5)
  8 ball pythons
  5 bats
  3 frilled lizards (D:1)
  A goblin skeleton (D:10)
  A goblin zombie (D:10)
  3 orc skeletons (D:10)
  14 orc zombies (D:10)
  3 rats
  2 butterflies
289 creatures vanquished.

Vanquished Creatures (others)
  A cane toad (Lair:2)
  A water moccasin (Lair:5)
  A bullfrog (D:5)
  2 orcs
  26 fungi
  30 plants
61 creatures vanquished.

Grand Total: 350 creatures vanquished

Notes
Turn   | Place    | Note
-------+----------+-------------------------------------------
     0 | D:1      | kae the Draconian Transmuter began the quest for the Orb.
     0 | D:1      | Reached XP level 1. HP: 16/16 MP: 3/3
    68 | D:1      | Found a faded altar of an unknown god.
   676 | D:1      | Reached XP level 2. HP: 23/23 MP: 3/5
  1291 | D:2      | Reached XP level 3. HP: 27/28 MP: 4/6
  1295 | D:2      | Learned a level 3 spell: Spider Form
  1403 | D:2      | Found a sacrificial altar of Ru.
  1551 | D:2      | Became a worshipper of Ru the Awakened
  1658 | D:2      | Reached XP level 4. HP: 34/36 MP: 5/7
  1828 | D:2      | Reached skill level 1 in Poison Magic
  2572 | D:3      | Reached XP level 5. HP: 41/41 MP: 2/8
  2935 | D:3      | Learned a level 4 spell: Ice Form
  2939 | D:3      | Gained mutation: You sometimes lose the ability to read
                  | scrolls when taking damage. [Ru sacrifice]
  2939 | D:3      | Reached * piety under Ru
  3742 | D:4      | Found a burning altar of Makhleb.
  3952 | D:4      | Noticed Natasha
  3960 | D:4      | Reached skill level 1 in Ice Magic
  3962 | D:4      | Killed Natasha
  3963 | D:4      | Reached XP level 6. HP: 50/50 MP: 5/9
  4144 | D:4      | Noticed Natasha
  4152 | D:4      | Killed Natasha
  4173 | D:4      | Noticed Natasha
  4178 | D:4      | Killed Natasha
  4239 | D:4      | Your scales start taking on a dull iron-grey colour.
  4239 | D:4      | Reached XP level 7. HP: 52/56 MP: 9/11
  4380 | D:4      | Noticed Menkaure
  4388 | D:4      | Killed Menkaure
  4990 | D:5      | Entered Level 5 of the Dungeon
  5209 | D:5      | Found an iron altar of Okawaru.
  5272 | D:5      | Reached skill level 5 in Unarmed Combat
  5457 | D:5      | Reached XP level 8. HP: 46/63 MP: 3/13
  5772 | D:5      | Gained mutation: You are hated by all. [Ru sacrifice]
  5772 | D:5      | Reached ** piety under Ru
  5772 | D:5      | Reached *** piety under Ru
  5785 | D:5      | Found a radiant altar of Vehumet.
  6002 | D:5      | Reached skill level 5 in Transmutations
  6864 | D:6      | You fall into a shaft and drop 1 floor!
  7128 | D:7      | Found Idoqackoufi's Assorted Antiques.
  7135 | D:7      | Bought a sapphire potion for 23 gold pieces
  7135 | D:7      | Bought a scroll labelled ODEDIO NINEXOD for 26 gold pieces
  7135 | D:7      | Bought a scroll of identify for 52 gold pieces
  7373 | D:6      | Reached XP level 9. HP: 34/72 MP: 11/15
  7815 | D:6      | Found a staircase to the Ecumenical Temple.
  8205 | D:7      | Reached skill level 5 in Ice Magic
  8209 | D:7      | Gained mutation: You cannot be stealthy. [Ru sacrifice]
  9023 | D:7      | Identified a scroll of acquirement
  9023 | D:7      | Acquired the amulet of Zudishas {Reflect Slay+3 SH+5}
  9090 | D:8      | Noticed Harold
  9106 | D:8      | Killed Harold
  9107 | D:8      | Reached skill level 5 in Fighting
  9850 | D:8      | Found Goetui's General Store.
  9858 | D:8      | Bought a potion of curing for 42 gold pieces
 10160 | D:9      | Noticed a green ugly thing
 10168 | D:9      | Killed a green ugly thing
 10169 | D:9      | Reached skill level 5 in Spellcasting
 10169 | D:9      | Reached XP level 10. HP: 81/81 MP: 13/17
 10303 | D:9      | Reached skill level 5 in Dodging
 10846 | D:9      | Found a staircase to the Lair.
 11321 | D:9      | Gained mutation: You are dopey. (Int -2) [Ru sacrifice]
 11321 | D:9      | Reached **** piety under Ru
 11563 | D:10     | Entered Level 10 of the Dungeon
 11948 | D:10     | Found a snail-covered altar of Cheibriados.
 12135 | D:10     | Found a staircase to the Orcish Mines.
 12497 | D:10     | Noticed a two-headed ogre
 12510 | D:10     | Killed a two-headed ogre
 12511 | D:10     | Reached XP level 11. HP: 53/91 MP: 15/20
 13103 | D:10     | Found a shimmering altar of Xom.
 13304 | Lair:1   | Entered Level 1 of the Lair of Beasts
 13740 | Lair:1   | Noticed a four-headed hydra
 13750 | Lair:1   | Killed a four-headed hydra
 13780 | Lair:1   | Reached skill level 10 in Unarmed Combat
 14232 | Lair:1   | Gained mutation: You sometimes lose the ability to drink
                  | potions when taking damage. [Ru sacrifice]
 14232 | Lair:1   | Reached ***** piety under Ru
 14530 | Lair:2   | Noticed an eight-headed hydra
 14539 | Lair:2   | Killed an eight-headed hydra
 14547 | Lair:2   | Reached skill level 10 in Transmutations
 14920 | Lair:2   | Found a staircase to the Snake Pit.
 15159 | Lair:2   | Noticed a death yak
 15172 | Lair:2   | Killed a death yak
 15173 | Lair:2   | Reached XP level 12. HP: 77/101 MP: 19/22
 15384 | Lair:2   | Learned a level 5 spell: Blade Hands
 16001 | Lair:3   | Noticed a four-headed hydra
 16016 | Lair:3   | Killed a four-headed hydra
 16345 | Lair:3   | Noticed a five-headed hydra
 16355 | Lair:3   | Killed a five-headed hydra
 17401 | Lair:3   | Gained mutation: Your magical capacity is low. (-10% MP)
                  | [Ru sacrifice]
 17401 | Lair:3   | Reached ****** piety under Ru
 17546 | Lair:4   | Noticed an acid blob
 17546 | Lair:4   | Noticed an azure jelly
 17546 | Lair:4   | Found a runed translucent gate.
 17546 | Lair:4   | Found a runed translucent gate.
 17546 | Lair:4   | Found a runed translucent gate.
 17547 | Lair:4   | Noticed an acid blob
 17551 | Lair:4   | Noticed an azure jelly
 17551 | Lair:4   | Noticed Vosurgha's ghost (journeyman FeEn)
 17551 | Lair:4   | Noticed an acid blob
 17552 | Lair:4   | Noticed an azure jelly
 17552 | Lair:4   | Noticed an azure jelly
 17553 | Lair:4   | Noticed an azure jelly
 17609 | Lair:4   | You fall into a shaft and drop 1 floor!
 17993 | Lair:5   | Noticed an ice dragon
 18222 | Lair:5   | Slain by a black mamba

Illustrated notes

Levels and vault maps discovered:
D:1:      sevenhm_arrival_forest_fort_small_6, layout_basic,
          shapermc_ecumenical_altar_gd, minmay_door_square
D:2:      layout_loops_corners, basic_altar
D:3:      layout_loops_corners, grunt_ministairs_3, mrwooster_statue_mirror,
          patterned_corridor
D:4:      layout_basic, kennysheep_mini, uniq_natasha, uniq_menkaure
D:5:      layout_loops_corners, mainiacjoe_overflow_catwalk,
          mainiacjoe_overflow_tiny_flanked, ebering_dispersal_statue_hall,
          grunt_ministairs_10
D:6:      layout_cave_pools, minmay_temple_entry_sparse_star, serial_park,
          serial_park_tiny_2, serial_park_square1 [serial_park_minivault_5x5_7]
D:7:      layout_layer_cave, serial_shops, nicolae_shop_trees, minivault_27
D:8:      layout_loops_ring, serial_shops, shop, serial_glass, glass_columns_a,
          glass_columns_c, hex_tiny, uniq_harold
D:9:      layout_long_grid, david_lair_shrubbed
D:10:     layout_loops_corners, kennysheep_little_box,
          gammafunk_temple_overflow_pools, zombieorc1_lemuel
Lair:1:   layout_misc_corridors
Lair:2:   layout_big_grid, minmay_snake_entry_guardpost_small, minivault_26,
          chequers_serial_rivers_room_a, lemuel_fruit_fields
Lair:3:   layout_layer_cave, grunt_megastairs_3, serial_bayou_shore_a,
          lemuel_fruit_fields, infiniplex_staircase_pool
Lair:4:   layout_hall_layers, elwin_shoals_entry_rocks, gammafunk_ghost_ooze,
          nicolae_quartered_pool_impasse, lemuel_centaur_altar,
          lemuel_fruit_tree
Lair:5:   layout_long_grid, dpeg_slime_entry_enclosed_altar,
          bobbens_ice_dragon_lair

Skill      XL: |  1  2  3  4  5  6  7  8  9 10 11 12 |
---------------+-------------------------------------+-----
Dodging        | 2 3 4 5 6 7 |  7.5
Poison Magic   | 1 2 |  2.0
Fighting       | 2 3 4 5 6 7 8 |  8.9
Transmutations | 3 4 5 7 9 10 11 | 11.5
Unarmed Combat | 4 5 6 7 9 10 11 | 11.8
Ice Magic      | 1 2 3 4 5 |  5.0
Spellcasting   | 3 4 5 6 7 |  7.7

Action                   |  1- 3 |  4- 6 |  7- 9 | 10-12 || total
-------------------------+-------+-------+-------+-------++-------
Melee: Unarmed           |    55 |   156 |   256 |   427 ||   894
       Headbutt          |     7 |     3 |       |       ||    10
       Kick              |    11 |     7 |       |       ||    18
       Tailslap          |     3 |     5 |     6 |    15 ||    29
       Punch             |     2 |       |     1 |     4 ||     7
 Cast: Beastly Appendage |    18 |    12 |       |       ||    30
       Spider Form       |       |    14 |    10 |       ||    24
       Ice Form          |       |       |    31 |    36 ||    67
       Blade Hands       |       |       |       |    18 ||    18
Invok: Sacrifice Words   |       |     1 |       |       ||     1
       Sacrifice Love    |       |       |     1 |       ||     1
       Sacrifice Stealth |       |       |     1 |       ||     1
       Sacrifice Purity  |       |       |       |     1 ||     1
       Sacrifice Drink   |       |       |       |     1 ||     1
       Sacrifice Essence |       |       |       |     1 ||     1
Evoke: Wand              |       |       |     2 |     4 ||     6
  Use: Scroll            |       |     4 |    16 |     5 ||    25
 Stab: Distracted        |       |     1 |       |     2 ||     3
       Invisible         |       |       |       |     3 ||     3
       Paralysed         |       |       |       |     5 ||     5
Armor: Skin              |    19 |    19 |    43 |    75 ||   156
Dodge: Dodged            |    43 |   132 |   162 |   179 ||   516
Block: Other             |       |       |    11 |    63 ||    74
       Reflection        |       |       |     1 |     2 ||     3

Table legend: (Time is in decaauts)
 A = Elapsed time spent in this place.
 B = Non-inter-level travel time spent in this place.
 C = Inter-level travel time spent in this place.
 D = Time resting spent in this place.
 E = Time spent auto-exploring this place.
 F = Levels seen in this place.
 G = Mean time per level.
                   A        B        C        D        E       F      G
               +--------+--------+--------+--------+--------+-----+--------+
         Total |  18121 |  17627 |    494 |    614 |  14855 |  15 | 1208.1 |
       Dungeon |  13237 |  12818 |    419 |    462 |  10767 |  10 | 1323.7 |
          Lair |   4884 |   4809 |     75 |    152 |   4088 |   5 |  976.8 |
               +--------+--------+--------+--------+--------+-----+--------+

Top non-repeatable levels by time:
     D:5: 1719 daAuts
  Lair:3: 1683 daAuts
    D:10: 1670 daAuts
     D:7: 1518 daAuts
     D:2: 1399 daAuts
  Lair:2: 1372 daAuts
     D:9: 1340 daAuts
     D:4: 1254 daAuts
     D:8: 1212 daAuts
     D:3: 1176 daAuts
  Lair:1: 1160 daAuts
     D:1: 1141 daAuts
     D:6: 804 daAuts
  Lair:5: 605 daAuts
  Lair:4: 62 daAuts
